Map: Emerald City CE

Players

Nippicakes - Winner!

  • Race: Terran Terran
  • Spawn Location: 11:00

BOBTHECOW - Winner!

  • Race: Zerg Zerg
  • Spawn Location: 11:00

VOD

Have the link to the VOD?

Description

Time

  • Played on: Aug. 12, 2026, 6:23 p.m.
  • Length: 18:47
Show
View Real Time Build Order
Export as new Build Order

Nippicakes Terran - Winner!

Build Orders:  

Get SALT Encoding   

  8  0:00  SCV  
  9  0:17  SCV  
  10  0:34  SCV  
  11  0:50  Supply Depot  
  11  0:51  SCV  
  12  1:08  SCV  
  13  1:25  SCV  
  14  1:43  Command Center  
  14  1:48  SCV  
  15  2:05  SCV  
  16  2:16  Barracks  
  16  2:24  SCV  
  17  2:42  Barracks, SCV  
  18  3:05  Barracks  
  18  3:07  SCV  
  19  3:24  Orbital Command  
  19  3:38  Orbital Command  
  19  3:43  Marine  
  20  4:02  Supply Depot  
  20  4:06  SCV  
  21  4:12  Refinery  
  21  4:14  SCV  
  22  4:22  Refinery  
  22  4:23  SCV  
  22  4:25  Marine  
  22  4:28  Marine  
  25  4:31  Marine  
  25  4:36  SCV  
  27  4:41  SCV  
  28  4:53  SCV  
  28  4:58  SCV  
  30  5:07  Marine x2  
  30  5:08  Marine  
  33  5:10  SCV  
  33  5:15  SCV  
  35  5:23  Supply Depot  
  35  5:27  SCV  
  36  5:32  SCV, Marine x3  
  36  5:33  Factory  
  40  5:44  SCV  
  41  5:52  Supply Depot  
  41  5:57  Supply Depot, Marine x2, SCV  
  45  6:08  Stimpack  
  44  6:10  Barracks Tech Lab  
  44  6:20  SCV  
  44  6:21  SCV  
  46  6:34  Marine x2  
  46  6:35  Command Center  
  46  6:37  Marine  
  49  6:42  Starport, Factory Reactor  
  49  6:47  SCV x2  
  51  6:58  Supply Depot  
  51  6:59  Marine x2  
  53  7:02  Marine  
  53  7:05  SCV, Refinery  
  53  7:06  Refinery  
  55  7:10  SCV  
  56  7:23  SCV  
  56  7:27  SCV  
  56  7:29  Marine x2  
  60  7:31  Marine  
  61  7:44  SCV x2  
  61  7:46  Medivac x2  
  61  7:49  Factory Tech Lab  
  67  7:55  Supply Depot  
  67  8:06  Marine x2  
  67  8:07  Marine  
  67  8:08  SCV x2  
  72  8:15  Orbital Command  
  72  8:21  Engineering Bay  
  72  8:22  Engineering Bay  
  72  8:25  Supply Depot  
  72  8:26  Supply Depot  
  72  8:28  Medivac x2  
  52  8:30  SCV  
  76  8:31  SCV  
  76  8:36  Marine  
  76  8:37  Marine  
  80  8:49  SCV x2  
  82  8:56  Orbital Command  
  82  9:01  Marauder  
  82  9:07  SCV x2  
  86  9:10  Barracks Reactor  
  86  9:24  Barracks Reactor, SCV  
  86  9:27  SCV  
  88  9:30  Terran Infantry Weapons Level 1  
  88  9:32  Refinery  
  88  9:33  Terran Infantry Armor Level 1  
  88  9:34  Refinery  
  88  9:35  Medivac x2  
  88  9:36  Siege Tank  
  95  9:41  SCV  
  95  9:47  SCV x2  
  95  9:49  Marine  
  99  9:55  Supply Depot  
  99  9:56  Supply Depot  
  99  10:08  SCV x3  
  99  10:09  Marine x2  
  104  10:11  Armory  
  104  10:14  Marauder  
  106  10:25  SCV  
  106  10:27  Marine x2  
  106  10:29  SCV x2  
  111  10:39  Supply Depot x2  
  110  10:40  Supply Depot  
  110  10:41  Armory, SCV  
  92  10:52  SCV  
  92  10:53  SCV  
  92  10:58  SCV  
  95  11:02  Barracks  
  95  11:05  Barracks  
  95  11:07  Barracks  
  95  11:09  SCV  
  96  11:18  Terran Vehicle Weapons Level 1  
  96  11:22  Medivac x2  
  96  11:24  SCV x2  
  96  11:26  SCV  
  103  11:36  Siege Tank  
  103  11:38  Marine  
  107  11:40  Marine x2, Command Center  
  107  11:41  Marine  
  107  11:43  Marauder  
  107  11:44  SCV  
  107  11:45  SCV  
  107  11:47  SCV  
  115  12:06  Marine x2  
  115  12:07  Marine x2  
  120  12:13  Barracks Reactor x2  
  120  12:15  Barracks Reactor, Marauder  
  120  12:17  SCV x2  
  124  12:20  Terran Infantry Weapons Level 2, Terran Infantry Armor Level 2  
  124  12:21  Siege Tank  
  127  12:34  SCV  
  128  12:47  SCV  
  128  12:51  Marine x3  
  128  12:52  Marine, Marauder  
  128  12:55  Medivac x2  
  138  13:06  Siege Tank  
  141  13:12  Marine x3  
  141  13:13  Marine x3  
  147  13:35  Marine x4  
  147  13:37  Medivac x2  
  155  13:42  Supply Depot  
  155  13:47  Supply Depot  
  155  13:48  Supply Depot  
  127  14:05  Marine x6  
  127  14:06  Marine x4  
  127  14:07  Marauder  
  127  14:08  Siege Tank  
  139  14:19  Medivac x2  
  143  14:32  Barracks x2  
  143  14:35  Barracks  
  143  14:36  Barracks  
  143  14:39  Barracks  
  143  14:42  Barracks x2  
  143  14:43  Starport  
  143  14:45  Barracks  
  143  14:46  Planetary Fortress  
  143  14:48  Marine  
  143  14:49  Marine x7  
  151  14:50  Marine x2  
  151  14:51  Marauder  
  151  14:53  Siege Tank  
  158  15:01  Refinery  
  158  15:02  Refinery  
  158  15:03  Supply Depot  
  158  15:05  Supply Depot  
  158  15:16  Marine x4  
  158  15:17  Marine x5  
  158  15:18  Marine  
  168  15:21  Marauder  
  170  15:31  Ghost Academy  
  176  16:01  Command Center  
  176  16:11  Command Center  
  176  16:17  Siege Tank x2  
  176  16:19  Marine x5  
  181  16:20  Marine x5  
  181  16:21  Barracks Tech Lab x4  
  181  16:22  Barracks Tech Lab x3  
  172  16:30  Unknown x2  
  172  16:37  Marine x2  
  166  16:44  Marine x3  
  169  16:55  Marine x2  
  169  16:56  Ghost x4  
  169  16:57  Ghost x3  
  186  17:31  Unknown  
  200  17:44  Ghost x3  
  200  17:45  Ghost x5  
Show
View Real Time Build Order
Export as new Build Order

BOBTHECOW Zerg - Winner!

Build Orders:  

Get SALT Encoding   

  8  0:00  Drone  
  9  0:15  Drone  
  10  0:22  Drone  
  11  0:30  Drone  
  12  0:48  Extractor, Drone  
  13  1:41  Spawning Pool  
  13  1:44  Hatchery  
  11  1:51  Drone  
  12  2:09  Overlord  
  12  2:15  Extractor  
  12  2:18  Extractor, Drone  
  11  2:25  Drone  
  14  2:37  Drone  
  15  2:44  Drone  
  16  2:54  Queen  
  18  3:07  Drone  
  18  3:08  Drone  
  20  3:10  Extractor  
  19  3:25  Queen  
  21  3:30  Drone  
  21  3:34  Drone  
  23  3:42  Drone  
  24  3:55  Overlord  
  24  4:28  Queen  
  26  4:33  Drone x2  
  28  4:41  Overlord  
  28  4:42  Drone x3  
  28  4:43  Drone  
  32  5:09  Hatchery  
  31  5:22  Drone  
  32  5:38  Queen  
  32  5:39  Overlord  
  34  5:40  Drone  
  34  5:43  Drone  
  34  5:48  Drone x3  
  39  6:02  Drone  
  39  6:05  Drone  
  39  6:06  Drone x3  
  44  6:20  Drone  
  44  6:21  Drone x3  
  48  6:36  Overlord x2  
  48  6:45  Extractor  
  48  6:49  Extractor x2  
  45  6:53  Drone x3  
  45  6:56  Drone x2  
  50  7:05  Drone x3  
  50  7:07  Drone x2  
  50  7:09  Drone, Lair  
  56  7:24  Extractor  
  56  7:27  Drone  
  56  7:28  Drone x7  
  56  7:29  Extractor  
  62  7:41  Drone x2  
  62  7:42  Overlord  
  62  7:49  Drone  
  65  7:50  Drone x2  
  65  7:53  Overlord  
  65  7:54  Overlord  
  67  8:17  Overlord  
  67  8:19  Drone  
  68  8:20  Hatchery, Drone x2  
  68  8:21  Drone x3  
  68  8:22  Drone  
  68  8:23  Overlord  
  73  8:34  Spire  
  73  8:37  Evolution Chamber  
  71  8:52  Drone  
  71  8:53  Drone x2  
  74  9:16  Drone  
  74  9:17  Drone x2  
  74  9:18  Drone x3  
  74  9:19  Drone x4  
  57  9:20  Drone x5  
  84  9:25  Metabolic Boost  
  84  9:26  Overlord  
  89  9:35  Extractor, Overlord x4  
  89  9:38  Zerg Melee Weapons Level 1  
  89  9:39  Extractor  
  87  9:43  Overlord  
  87  9:50  Overlord  
  87  9:51  Overlord  
  87  10:05  Drone x2  
  87  10:06  Drone  
  87  10:07  Drone  
  87  10:08  Drone x2  
  93  10:12  Zerg Flyer Weapons Level 1  
  93  10:44  Mutalisk  
  93  10:45  Mutalisk x8  
  93  10:46  Mutalisk x9  
  129  11:06  Mutalisk  
  129  11:07  Mutalisk x3  
  129  11:09  Overlord x4  
  137  11:11  Overlord  
  137  11:17  Burrow  
  137  11:21  Pneumatized Carapace  
  137  11:36  Mutalisk  
  137  11:37  Mutalisk x2  
  143  11:43  Zergling x8  
  143  11:44  Zergling x12  
  153  12:01  Mutalisk  
  153  12:02  Mutalisk x2  
  157  12:22  Mutalisk  
  157  12:23  Mutalisk x3  
  165  12:40  Zergling x4  
  165  12:41  Zergling x24  
  170  13:14  Mutalisk  
  170  13:15  Mutalisk x7  
  170  13:16  Overlord x2  
  170  13:17  Overlord x2  
  181  13:46  Mutalisk  
  181  13:47  Mutalisk x3  
  185  14:21  Zerg Flyer Weapons Level 2  
  185  14:28  Mutalisk x2  
  185  14:29  Mutalisk x2  
  175  14:48  Mutalisk x3  
  175  14:49  Zergling x2  
  178  14:50  Zergling x18  
  178  14:51  Zergling x6  
  178  14:59  Zerg Melee Weapons Level 2  
  190  15:05  Infestation Pit  
  190  15:09  Zergling x2  
  190  15:10  Zergling x6  
  193  15:30  Mutalisk x3  
  184  16:28  Unknown  
  175  16:56  Queen  
  175  16:59  Zergling x2  
  177  17:00  Zergling x36  
  177  17:01  Zergling x10  
  198  17:33  Hive  
  196  17:56  Zergling x8  
  200  18:17  Hatchery  
  199  18:32  Hatchery  
Tags
 
Add a new tag
Caveats
  • Supply blocks, unpowered buildings, or Contaminate may cause inaccurate times.
  • Supply counts are checked every 10 seconds.